 Dungeon Crawl Stone Soup version 0.28.0-45-g0d030f2227 (webtiles) character file.

Game seed: 11427108113431753440

62 Peloso the Covered (level 3, -5/33 HPs)
             Began as a Minotaur Fighter on Apr 4, 2022.
             Slain by Terence
             ... wielding a +0 flail
              (8 damage)
             ... on level 2 of the Dungeon.
             The game lasted 00:01:55 (1562 turns).

Peloso the Covered (Minotaur Fighter)               Turns: 1562, Time: 00:01:55

Health: -5/33      AC:  8    Str: 20    XL:     3   Next: 85%
Magic:  2/2        EV:  9    Int:  5    God:
Gold:   42         SH:  4    Dex: 11    Spells: 2/2 levels left

rFire   . . .      SeeInvis .   a - +0 long sword
rCold   . . .      Faith    .   c - +0 buckler
rNeg    . . .      Spirit   .   b - +0 scale mail
rPois   .          Reflect  .   (helmet restricted)
rElec   .          Harm     .   i - +0 cloak
rCorr   .          Rampage  .   (no gloves)
Will    .....                   (no boots)
Stlth   ..........              (no amulet)
HPRegen 0.11/turn               (no ring)
MPRegen 0.08/turn               (no ring)

@: no status effects
A: horns 2, retaliatory headbutt
a: no special abilities


You were on level 2 of the Dungeon.
You visited 1 branch of the dungeon, and saw 2 of its levels.

You collected 42 gold pieces.

Inventory:

Hand Weapons
 a - a +0 long sword (weapon)
Armour
 b - a +0 scale mail (worn)
 c - a +0 buckler (worn)
 i - a +0 cloak (worn)
Jewellery
 f - a ring of protection from cold
Scrolls
 e - a scroll of fog {unknown}
 g - a scroll of identify {unknown}
Potions
 d - a potion of might
 h - a potion of flight {unknown}


   Skills:
 + Level 4.0 Fighting
 + Level 3.3 Long Blades
 + Level 4.5 Armour
 + Level 0.6 Dodging
 + Level 4.0 Shields


You had 2 spell levels left.
You didn't know any spells.
Your spell library contained the following spells:

 Spells                   Type           Power      Damage    Failure   Level
 Malign Gateway           Summ/Tloc      0%         N/A       100%        7
 Summon Horrible Things   Summ           0%         N/A       100%        8


Dungeon Overview and Level Annotations

Branches:
Dungeon (2/15)

Altars:

Shops:
D:1 *

Annotations:
D:2 Terence


Innate Abilities, Weirdness & Mutations

You have a pair of horns on your head.
You reflexively headbutt those who attack you in melee.


Message History

Terence looks scornfully at you. You block Terence's attack.
You barely miss Terence. Terence barely misses you.
You hit Terence.
Terence is moderately wounded.
Terence hits you with a +0 flail. The frilled lizard bites you.
You barely miss Terence. You headbutt Terence!
Terence is severely wounded.
Terence hits you but does no damage. Terence barely misses you.
You closely miss Terence. Your headbutt misses Terence.
Terence is severely wounded.
The frilled lizard bites you but does no damage. x2
You block Terence's attack. The frilled lizard closely misses you.
You barely miss Terence.
Terence is severely wounded.
The frilled lizard barely misses you. You furiously retaliate!
You headbutt the frilled lizard.
You kill the frilled lizard!
Terence hits you but does no damage.
The frilled lizard bites you but does no damage.
You barely miss Terence. Your headbutt misses Terence.
Terence is severely wounded.
Terence hits you with a +0 flail. You block the frilled lizard's attack.
You barely miss Terence. Your headbutt misses Terence.
Terence is severely wounded.
Terence hits you with a +0 flail.
The frilled lizard bites you but does no damage.
Terence hits you with a +0 flail.
* * * LOW HITPOINT WARNING * * *
You barely miss Terence.
Terence is severely wounded.
The frilled lizard bites you but does no damage.
Terence hits you with a +0 flail.
* * * LOW HITPOINT WARNING * * *
The frilled lizard bites you.
* * * LOW HITPOINT WARNING * * *
You hit Terence. You headbutt Terence.
Terence is almost dead.
Terence hits you with a +0 flail!
You die...

..###.###.#######..... .
...#.##.....)..)...## #.
#...##............#
.##.###................#
......#.......[..........
........†..............##
..#.##.#...............#
#....................#
##....@l#$............
.......@....#....#...
..?..........#......
...................#
............#......
...........(...
...............
.......$.....#


You could see Terence and a frilled lizard.

Vanquished Creatures
  Robin (D:2)
  A ball python (D:1)
  5 bats
  8 endoplasms
  A giant cockroach (D:1)
  9 goblins
  6 hobgoblins
  2 kobolds
  3 quokkas (D:1)
  A frilled lizard (D:2)
  7 rats
44 creatures vanquished.

Vanquished Creatures (others)
  2 fungi (D:2)
  7 plants (D:2)
9 creatures vanquished.

Grand Total: 53 creatures vanquished

Notes
Turn   | Place    | Note
-------+----------+-------------------------------------------
     0 | D:1      | Peloso the Minotaur Fighter began the quest for the Orb.
     0 | D:1      | Reached XP level 1. HP: 19/19 MP: 0/0
   147 | D:1      | Reached XP level 2. HP: 20/27 MP: 1/1
   615 | D:1      | Found Attybuma's General Store.
  1142 | D:2      | Noticed Robin
  1144 | D:2      | Reached XP level 3. HP: 32/33 MP: 2/2
  1435 | D:2      | Killed Robin
  1547 | D:2      | Noticed Terence
  1562 | D:2      | Slain by Terence

Illustrated notes

Levels and vault maps discovered:
D:1:      dpeg_arrival_simpleton_c, layout_basic, serial_shops,
          nicolae_shop_window_shopping, serial_bayou_pond_d, hex_medium,
          nicolae_concentric_dashed_squares_wild
D:2:      layout_rooms, dreamdust_ecumenical_altar_hidden_monk_grotto,
          uniq_terence, uniq_robin

Skill      XL: |  1  2  3 |
---------------+----------+-----
Armour         | 4 |  4.5
Shields        | 4 |  4.0
Long Blades    | 3 |  3.3
Fighting       | 4 |  4.0
Dodging        | |  0.6

Action                   || total
-------------------------++-------
Melee: Long sword        ||    90
       Headbutt          ||    15
Armor: Scale mail        ||    69
Dodge: Dodged            ||    53
Block: Buckler           ||    27
